 Dungeon Crawl Stone Soup version 0.31-a0-267-g3fc6992b3b (webtiles) character file.

Game seed: 6681358786106636590

49 qw the Shooter (level 3, -2/21 HPs)
             Began as a Gargoyle Hexslinger on July 13, 2023.
             Slain by Natasha (5 damage)
             ... while paralysed by Grinder
             ... on level 3 of the Dungeon.
             The game lasted 00:00:37 (1685 turns).

qw the Shooter (Gargoyle Hexslinger)                Turns: 1685, Time: 00:00:38

Health: -2/21      AC:  8    Str: 11    XL:     3   Next: 75%
Magic:  4/4        EV:  2    Int: 13    God:
Gold:   90         SH:  0    Dex: 14    Spells: 3/4 levels left

rFire   . . .        Y - +2 sling
rCold   . . .        (no shield)
rNeg    + . .        e - +0 ring mail
rPois   inf          (no helmet)
rElec   +            (no cloak)
rCorr   .            (no gloves)
SInv    .            (no boots)
Will    .....        (no amulet)
Stlth   +            b - +5 ring of evasion
HPRegen 0.23/turn    (no ring)
MPRegen 0.09/turn

%: no passive effects
@: paralysed
A: sickness immunity, AC +3, negative energy resistance 1, electricity
resistance, torment resistance 1, petrification resistance
a: no special abilities


You were on level 3 of the Dungeon.
You visited 1 branch of the dungeon, and saw 3 of its levels.

You collected 90 gold pieces.


Innate Abilities, Weirdness & Mutations

You are immune to sickness and miasma.
Your stone body is resilient. (AC +3)
You are immune to poison.
You resist negative energy. (rN+)
You are resistant to electric shocks. (rElec)
You are resistant to unholy torment.
You are immune to petrification.


   Skills:
 - Level 2.0 Fighting
 + Level 3.6 Ranged Weapons
 - Level 1.5 Dodging
 - Level 1.0 Spellcasting
 - Level 2.6 Hexes


You had 3 spell levels left.
You knew the following spells:

 Your Spells              Type           Power      Damage    Failure   Level
a - Slow                  Hex            28%        N/A       22%         1

Your spell library contained the following spells:

 Spells                   Type           Power      Damage    Failure   Level
 Inner Flame              Hex/Fire       4%         N/A       75%         3
 Portal Projectile        Hex/Tloc       8%         N/A       75%         3
 Cause Fear               Hex            3%         N/A       92%         4

Inventory:

Hand Weapons
 Y - a +2 sling (weapon)
Armour
 e - a +0 ring mail (worn)
Jewellery
 b - a +5 ring of evasion (left hand)
Potions
 a - a potion of berserk rage {unknown}
 c - a potion of haste {unknown}
 d - a potion of might {unknown}
 f - a potion of curing

Dungeon Overview and Level Annotations

Branches:
Dungeon (3/15)

Altars:

Annotations:
D:3 Grinder, Natasha


Message History

You shoot a sling bullet.
The sling bullet closely misses Grinder.
The sling bullet hits Natasha.
Natasha is moderately wounded.
Grinder gestures at you.
You barely resist. You shoot a sling bullet. The sling bullet hits Grinder!
Grinder is moderately wounded.
Grinder closely misses you. Grinder gestures at you.
Pain shoots through your body!
You shoot a sling bullet.
The sling bullet closely misses Grinder.
The sling bullet hits Natasha.
Natasha is moderately wounded.
Grinder closely misses you.
You shoot a sling bullet. The sling bullet hits Grinder!
Grinder is heavily wounded.
Grinder hits you.
You writhe in agony.
You shoot a sling bullet. The sling bullet barely misses Grinder.
The sling bullet barely misses Natasha.
Grinder blinks!
You shoot a sling bullet.
The sling bullet closely misses Natasha.
Natasha stares at you and mumbles some strange words.
You resist with significant effort.
Natasha casts a spell.
You shoot a sling bullet. The sling bullet hits Grinder.
Grinder is severely wounded.
Grinder blinks!
Natasha casts a spell at you. The magic dart hits you.
The cerulean imp hits you from afar with a +0 spear.
You shoot a sling bullet. The sling bullet hits Natasha.
Natasha is heavily wounded.
Natasha stares at you and mumbles some strange words.
You resist with significant effort. The cerulean imp barely misses you.
Grinder gestures at you.
You suddenly lose the ability to move!
Natasha claws you.
You die...

#.#...# #.# ##.#.#.#
#.# #.[..#.# #.#
#..#.#.#########.#
#..#.#.......<<..#
#.>#.#############
########..#.#.5.....h
..........#.#h#
#########.#.#@#
..........#.#
############.###.#
...............#5#
########..#....#.# #
#.......#.#
#########.#.#..#.#
##.............#.#
##.######.#.##>#.#


You could see Grinder, Natasha and a cerulean imp (summoned).

Vanquished Creatures
  2 bats
  7 endoplasms
  4 giant cockroaches (D:1)
  6 hobgoblins (D:1)
  6 jackals (D:1)
  A quokka (D:2)
  A ball python (D:1)
  A frilled lizard (D:1)
  4 goblins (D:1)
  5 kobolds
  3 rats (D:1)
40 creatures vanquished.

Notes
Turn   | Place    | Note
-------+----------+-------------------------------------------
     0 | D:1      | qw the Gargoyle Hexslinger began the quest for the Orb.
     0 | D:1      | Reached XP level 1. HP: 12/12 MP: 2/2
     0 | D:1      | 0 ||| qw: Version: 0.3-a-52-g30416fa
     0 | D:1      | 0 ||| qw: Game counter: 7760
     0 | D:1      | 0 ||| qw: Melee chars always use a shield: true
     0 | D:1      | 0 ||| qw: God list: Okawaru
     0 | D:1      | 0 ||| qw: Allow faded altars: false
     0 | D:1      | 0 ||| qw: Do Orc after clearing Dungeon:15 true
     0 | D:1      | 0 ||| qw: Do second Lair branch before Depths: true
     0 | D:1      | 0 ||| qw: Lair rune preference: random
     0 | D:1      | 0 ||| qw: Goals: Normal
     0 | D:1      | 0 ||| PLANNING D:1-11
    97 | D:1      | Reached XP level 2. HP: 15/16 MP: 3/3
   215 | D:1      | Reached skill level 3 in Ranged Weapons
   408 | D:1      | Reached XP level 3. HP: 21/21 MP: 4/4
   472 | D:1      | HP: 5/21 [jackal (1)]
   478 | D:1      | HP: 2/21 [jackal (2)]
   796 | D:1      | 796 ||| UPGRADING to +0 ring mail.
   806 | D:1      | 806 ||| DROPPING +0 robe.
   807 | D:1      | 807 ||| READING scroll labelled NUYFEPS YPNY.
   808 | D:1      | 808 ||| READING scroll labelled NAPRUDUN SAUG.
   809 | D:1      | 809 ||| DROPPING scroll of poison.
  1415 | D:2      | 1415 ||| UPGRADING to +5 ring of evasion.
  1416 | D:2      | 1416 ||| READING scroll labelled AGISHR YNO SEA.
  1417 | D:2      | 1417 ||| READING scroll labelled REAMPANW TAGEDWO.
  1418 | D:2      | 1418 ||| DRINKING 2 fuming puce potions.
  1668 | D:3      | Noticed Grinder
  1668 | D:3      | Paralysed by Grinder for 3 turns
  1670 | D:3      | Noticed Natasha
  1671 | D:3      | 1671 ||| Stepping ~*~*~tactically~*~*~ (outnumbered).
  1676 | D:3      | Paralysed by Grinder for 2 turns
  1684 | D:3      | HP: 4/21 [Natasha/magic dart (5)]
  1685 | D:3      | Paralysed by Grinder for 4 turns
  1685 | D:3      | Slain by Natasha

Levels and vault maps discovered:
D:1:      dpeg_arrival_more_subterranean_lakeside_camping, layout_loops_ring
D:2:      layout_loops_ring
D:3:      layout_basic, yredelemnul_altar_generic,
          hangedman_abyss_or_decor_stabs, dk_vineyard_2, uniq_terence,
          uniq_grinder, uniq_natasha

Skill      XL: |  1  2 |
---------------+-------+-----
Ranged Weapons | 3 |  3.6
Fighting       | 2 |  2.0
Dodging        | |  1.5
Spellcasting   | |  1.0
Hexes          | |  2.6

Action                     || total
---------------------------++-------
   Fire: Sling             ||   172
    Use: Scroll            ||     4
         Potion            ||     1
 Armour: Robe              ||    43
         Ring mail         ||     5
  Dodge: Dodged            ||    92

Table legend:
 A = Non-vault XP
 B = Vault XP
 C = Vault XP percentage of total XP
 D = Non-vault monster count
 E = Vault monster count
 F = Vault count percentage of total count
                 A         B        C        D         E       F
            +---------+---------+-------+---------+---------+-------
      Total |      70 |       0 |   0.0 |      40 |       0 |   0.0
            +---------+---------+-------+---------+---------+-------
        D:1 |      57 |       0 |   0.0 |      33 |       0 |   0.0
        D:2 |      11 |       0 |   0.0 |       6 |       0 |   0.0
        D:3 |       2 |       0 |   0.0 |       1 |       0 |   0.0
            +---------+---------+-------+---------+---------+-------
